 Dungeon Crawl Stone Soup version 0.29-a0-322-g68df515428 (webtiles) character file.

Game seed: 18432286227817409408

2 calli0pe the Ruffian (level 1, 0/18 HPs)
             Began as a Human Cinder Acolyte on Apr 8, 2022.
             Was a High Priest of Ignis.
             Slain by an adder (3 damage)
             ... on level 4 of the Dungeon.
             The game lasted 00:00:27 (84 turns).

calli0pe the Ruffian (Human Cinder Acolyte)           Turns: 84, Time: 00:00:30

Health: 0/18       AC:  2    Str: 14    XL:     1   Next: 44%
Magic:  2/2        EV: 11    Int: 14    God:    Ignis [*****.]
Gold:   8          SH:  0    Dex:  8    Spells: 2/2 levels left

rFire   + . .      SeeInvis .     - Unarmed
rCold   . . .      Faith    .   (no shield)
rNeg    . . .      Spirit   .   a - +0 robe
rPois   .          Reflect  .   (no helmet)
rElec   .          Harm     .   (no cloak)
rCorr   .          Rampage  .   (no gloves)
Will    .....                   (no boots)
Stlth   +.........              (no amulet)
HPRegen 0.06/turn               (no ring)
MPRegen 0.08/turn               (no ring)

@: no status effects
A: no striking features
a: Renounce Religion, Fiery Armour, Foxfire Swarm, Rising Flame


You were on level 4 of the Dungeon.
You worshipped Ignis.
Ignis was extremely pleased with you.
You visited 1 branch of the dungeon, and saw 4 of its levels.

You collected 8 gold pieces.

Inventory:

Armour
 a - a +0 robe (worn)


   Skills:
 + Level 3.0 Fighting
 + Level 3.2 Unarmed Combat
 + Level 1.0 Spellcasting
 + Level 3.0 Fire Magic


You had 2 spell levels left.
You didn't know any spells.
Your spell library contained the following spells:

 Spells                   Type           Power      Damage    Failure   Level
 Scorch                   Fire           18%        2d6       12%         2


Dungeon Overview and Level Annotations

Branches:
Dungeon (4/15)
 Temple: D:4-7

Altars:


Message History

You see here a rat corpse.
The bat hits you but does no damage. The bat closely misses you.
The bat barely misses you.
There is a stone staircase leading down here.
The bat barely misses you.
You climb downwards.
There is a stone staircase leading up here.
You open the door.
An adder comes into view.
Found a robe.
The adder hisses angrily.
There is an open door here.
The adder barely misses you.
You closely miss the adder. The adder bites you.
You are poisoned.
The adder poisons you!
You closely miss the adder.
You feel sick. The adder barely misses you.
You barely miss the adder.
You feel sick. The adder bites you. The adder misses you.
You hit the adder.
The adder is heavily wounded.
You feel sick. The adder barely misses you.
You hit the adder.
The adder is almost dead.
You feel sick. The adder barely misses you.
You hit the adder but do no damage.
The adder is almost dead.
You feel sick. The adder closely misses you.
You barely miss the adder.
The adder is almost dead.
You feel sick. The adder barely misses you.
You barely miss the adder. Your punch misses the adder.
The adder is almost dead.
You feel sick.
You are no longer poisoned.
The adder bites you.
* * * LOW HITPOINT WARNING * * *
The adder bites you.
You die...

#.##..#####.####
.##............<.#
.........####.##.#
#####...####...#.#
##.......#...#
#.#####...### #.#
## ## ##'## #.@.#
#..S..# #.......[.
#.........##
+.........+
#.........#
##.......##
##......#


You could see an adder.

Vanquished Creatures
  A hobgoblin (D:1)
  A frilled lizard (D:1)
  A rat (D:3)
3 creatures vanquished.

Notes
Turn   | Place    | Note
-------+----------+-------------------------------------------
     0 | D:1      | calli0pe the Human Cinder Acolyte began the quest for the
                  | Orb.
     0 | D:1      | Reached XP level 1. HP: 18/18 MP: 2/2
    84 | D:4      | Slain by an adder

Illustrated notes

Levels and vault maps discovered:
D:1:      minmay_arrival_up_and_down, layout_basic,
          shapermc_ecumenical_altar_acropolis, skrybe_limestone_x,
          solitary_fountain, st_stairs_14, nrook_mini_backslash
D:2:      minmay_roachtagon, layout_basic, serial_shops,
          nicolae_shop_behind_doors, shop_coins, nicolae_shop_hallway_plus,
          serial_glass, glass_columns_a, glass_columns_c
D:3:      layout_loops_corners, serial_shops, shop, nicolae_shop_hallway_stairs,
          shop_coins, nicolae_diamond_shop,
          hangedman_abyss_or_decor_lesser_grid, grunt_ministairs_7,
          chequers_serial_rivers_micro_a
D:4:      layout_loops_corners, serial_shops, shop, kennysheep_generic_room_3

Action                   || total
-------------------------++-------
Melee: Unarmed           ||    19
Armor: Robe              ||     7
Dodge: Dodged            ||    19

Table legend: (Time is in decaauts)
 A = Elapsed time spent in this place.
 B = Non-inter-level travel time spent in this place.
 C = Inter-level travel time spent in this place.
 D = Time resting spent in this place.
 E = Time spent auto-exploring this place.
 F = Levels seen in this place.
 G = Mean time per level.
                   A        B        C        D        E       F      G
               +--------+--------+--------+--------+--------+-----+--------+
         Total |     82 |     82 |      0 |      0 |      0 |   4 |   20.5 |
       Dungeon |     82 |     82 |      0 |      0 |      0 |   4 |   20.5 |
               +--------+--------+--------+--------+--------+-----+--------+

Top non-repeatable levels by time:
     D:1: 35 daAuts
     D:4: 24 daAuts
     D:3: 11 daAuts
     D:2: 10 daAuts
